 Dungeon Crawl Stone Soup version 0.28.0-56-g4927b6849a (webtiles) character file.

Game seed: 15842374157539690686

7662 cbfl8 the Cleaver (level 10, -1/120 HPs)
             Began as a Demonspawn Gladiator on Jan 26, 2023.
             Slain by Sonja
             ... wielding a +2 dagger of distortion
              (24 damage)
             ... on level 10 of the Dungeon on Jan 27, 2023.
             The game lasted 00:24:46 (10844 turns).

cbfl8 the Cleaver (Demonspawn Gladiator)           Turns: 10844, Time: 00:24:47

Health: -1/120     AC: 25    Str: 16    XL:     10   Next: 99%
Magic:  10/10      EV:  2    Int: 11    God:
Gold:   743        SH:  0    Dex: 16    Spells: 9/9 levels left

rFire   . . .      SeeInvis .   o - +0 broad axe
rCold   . . .      Faith    .   (no shield)
rNeg    . . .      Spirit   .   (armour currently unavailable)
rPois   +          Reflect  .   (helmet currently unavailable)
rElec   .          Harm     .   (cloak currently unavailable)
rCorr   .          Rampage  .   (gloves currently unavailable)
Will    +....      NoTele   +   (boots currently unavailable)
Stlth   ++........              q - amulet of regeneration
HPRegen 1.10/turn               w - ring of flight
MPRegen 0.12/turn               r - ring of willpower

@: tree-form (expiring), marked, held
A: stationary, stasis, torment immunity, boosted hp, (antennae 1), (molten
scales 3), demonic magic 2
a: no special abilities


You were on level 10 of the Dungeon.
You were a tree.
You visited 1 branch of the dungeon, and saw 10 of its levels.
You also visited: Ossuary.

You collected 743 gold pieces.

Inventory:

Hand Weapons
 h - a +2 vampiric hand axe
 o - a +0 broad axe (weapon)
 y - a +0 war axe
 C - a +4 trident of flaming
Missiles
 d - 3 throwing nets
Armour
 a - a +0 troll leather armour (melded) {Pargi}
 c - a +0 pair of boots (melded)
 v - a +0 hat (melded)
 H - a +0 pair of gloves (melded)
Jewellery
 q - an amulet of regeneration (around neck)
 r - a ring of willpower (right branch)
 w - a ring of flight (left branch)
 x - a ring of resist corrosion
 I - a ring of ice
Wands
 A - a wand of flame (9)
Scrolls
 b - a scroll of enchant armour
 e - 3 scrolls of enchant weapon
 j - a scroll of silence
 l - 2 scrolls of teleportation
 m - a scroll of noise {unknown}
 p - a scroll of amnesia
 s - a scroll of holy word
 z - 3 scrolls of summoning {unknown}
 B - 2 scrolls of fog
 F - a scroll of brand weapon {unknown}
Potions
 i - 3 potions of brilliance
 k - a potion of attraction {unknown}
 t - 2 potions of lignification
 u - 2 potions of degeneration {unknown}
 E - 2 potions of berserk rage {unknown}
 G - a potion of flight {unknown}


   Skills:
 + Level 7.8 Fighting
 + Level 10.4(10.7) Axes
 + Level 3.8(7.6) Polearms
 + Level 1.9 Throwing
 + Level 5.1 Armour
 + Level 7.1 Dodging
 + Level 2.2 Stealth
 + Level 1.1 Evocations


You had 9 spell levels left.
You didn't know any spells.
Your spell library contained the following spells:

 Spells                   Type           Power      Damage    Failure   Level
 Pain                     Necr           0%         1d4       34%         1
 Corpse Rot               Necr/Air       0%         N/A       47%         2
 Poisonous Vapours        Pois/Air       0%         N/A       47%         2
 Scorch                   Fire           0%         2d5       47%         2
 Static Discharge         Conj/Air       0%         N/A       47%         2
 Call Canine Familiar     Summ           0%         N/A       71%         3
 Dazzling Flash           Conj/Hex       0%         N/A       71%         3
 Ignite Poison            Fire/Tmut/Pois 0%         N/A       71%         3
 Portal Projectile        Hex/Tloc       0%         N/A       71%         3
 Airstrike                Air            0%         N/A       98%         4
 Hailstorm                Conj/Ice       0%         3d3       98%         4
 Ice Form                 Ice/Tmut       0%         N/A       98%         4
 Iskenderun's Mystic Bla  Conj/Tloc      0%         2d3       98%         4
 Leda's Liquefaction      Hex/Erth       0%         N/A       98%         4
 Passage of Golubria      Tloc           0%         N/A       98%         4
 Summon Lightning Spire   Summ/Air       0%         N/A       98%         4
 Agony                    Necr           0%         N/A       100%        5
 Excruciating Wounds      Necr           0%         N/A       100%        5
 Lightning Bolt           Conj/Air       0%         1d11      100%        5
 Simulacrum               Ice/Necr       0%         N/A       100%        6
 Starburst                Conj/Fire      0%         6d3       100%        6
 Maxwell's Capacitive Co  Air            0%         ∞         100%        8


Dungeon Overview and Level Annotations

Branches:
Dungeon (10/15)           Ossuary (visited)
 Temple: D:4-7         Lair: D:8-11         Orc: D:9-12

Altars:
Ashenzari
Cheibriados
Makhleb
Wu Jian
Yredelemnul

Shops:
D:5 !   D:7 !   D:9 !

Annotations:
D:9 Erolcha
D:10 Harold, Sonja


Innate Abilities, Weirdness & Mutations

You are a tree.
Your roots penetrate the ground, keeping you stationary.
You cannot be teleported.
You are immune to unholy pain and torment.
Your maximum health is greatly increased.
Your equipment is partially melded.
((You have a pair of small antennae on your head.))
((You are completely covered in molten scales. (AC +4, rF+)))
Spells you cast may paralyse nearby enemies.


Message History

Sonja casts a spell.
Sonja blinks!
Sonja throws a curare-tipped dart.
The curare-tipped dart hits you. Harold gestures at you while chanting.
The mark upon you grows brighter.
As you read the scroll of fear, it crumbles to dust.
You assume a fearsome visage.
Harold looks frightened!
Sonja looks frightened!
Sonja casts a spell.
Sonja blinks!
Sonja mumbles some strange words.
Sonja blinks!
Sonja supplicates, "Please!
I have a lot of children!"
Sonja gestures wildly while chanting.
Sonja blinks!
Sonja mumbles some strange words.
Sonja blinks!
Sonja gestures wildly while chanting.
Sonja blinks!
Harold cowers, then darts away.
Harold seems to regain his courage.
As you read the scroll of fear, it crumbles to dust.
You assume a fearsome visage.
Harold looks frightened!
Your transformation is almost over.
You cannot move.
Okay, then.
You cannot move.
You cannot move.
Harold throws a throwing net.
The throwing net hits you.
You become entangled in the net!
Harold points at you and mumbles some strange words.
The mark upon you grows brighter.
Harold seems to regain his courage.
Sonja hits you with a +2 dagger of distortion. x2
Sonja hits you but does no damage. Space warps horribly around you!
Sonja hits you but does no damage. x4; Space warps horribly around you!!
* * * LOW HITPOINT WARNING * * *
Sonja hits you with a +2 dagger of distortion.
* * * LOW HITPOINT WARNING * * *
Space warps horribly around you!!
You die...

############ ####### #..........#
......###..........# #########
......#.)..........# #........
......#.#..@.......######.#######
......'.#.................#
......###..........########
......# #......K♣..# #'#####
#..........# #.# ####(####### #.#
#...# #.# ###.# #.# #.# #.# #.#
#.# #####'#### ..# #........#


You could see Harold and Sonja.

Vanquished Creatures
  An ugly thing (D:6)
  Maggie (D:9)
  A troll (D:9)
  Grinder (D:4)
  A shadow (D:10)
  8 spriggans (D:8)
  A wraith (D:6)
  4 steam dragons
  Grum (D:9)
  2 water moccasins
  5 orc warriors
  Pargi (D:3)
  A black bear (D:7)
  2 ice beasts
  2 ogres
  2 necrophages
  2 sky beasts
  3 centaurs
  4 wolves (D:9)
  A phantom (D:7)
  A kobold brigand (D:10)
  A gnoll sergeant (D:8)
  5 bullfrogs
  A scorpion (D:7)
  A water moccasin zombie (D:5)
  7 killer bees
  A wight (D:8)
  3 howler monkeys (D:8)
  5 centaur zombies
  4 orc priests
  A bullfrog zombie (D:5)
  2 centaur skeletons (D:7)
  A hound (D:6)
  2 jellies
  3 iguanas
  Jessica (D:3)
  Ijyb (D:3)
  5 orc wizards
  8 mummies (Ossuary)
  2 howler monkey zombies
  Robin (D:3)
  A howler monkey skeleton (D:4)
  3 adders
  9 gnolls
  A shadow imp (D:7)
  4 white imps
  An adder skeleton (D:4)
  2 worms
  A dart slug (D:2)
  34 orcs
  5 endoplasms
  3 giant cockroaches
  11 goblins
  8 hobgoblins
  3 quokkas
  3 ball pythons
  5 bats
  4 frilled lizards
  5 hobgoblin zombies (Ossuary)
  16 kobolds
  A kobold zombie (Ossuary)
  2 orc zombies (Ossuary)
  A quokka skeleton (D:4)
  5 rats
228 creatures vanquished.

Notes
Turn   | Place    | Note
-------+----------+-------------------------------------------
     0 | D:1      | cbfl8 the Demonspawn Gladiator began the quest for the Orb.
     0 | D:1      | Reached XP level 1. HP: 16/16 MP: 1/1
   274 | D:1      | Gained mutation: You are partially covered in molten
                  | scales. (AC +2) [demonic ancestry]
   274 | D:1      | Reached XP level 2. HP: 14/22 MP: 2/2
   843 | D:1      | Gained mutation: Spells you cast may paralyse adjacent
                  | enemies. [demonic ancestry]
   843 | D:1      | Reached XP level 3. HP: 27/27 MP: 3/3
  1393 | D:2      | Reached skill level 1 in Armour
  2132 | D:3      | Found a basalt altar of Yredelemnul.
  2185 | D:3      | Gained mutation: You are mostly covered in molten scales.
                  | (AC +3) [demonic ancestry]
  2185 | D:3      | Reached XP level 4. HP: 34/34 MP: 4/4
  2413 | D:3      | Noticed Ijyb
  2463 | D:3      | Killed Ijyb
  2543 | D:3      | Noticed Jessica
  2552 | D:3      | Killed Jessica
  2553 | D:3      | Reached skill level 1 in Axes
  2611 | D:3      | Reached XP level 5. HP: 39/39 MP: 5/5
  2616 | D:3      | Noticed Robin
  2637 | D:3      | Killed Robin
  2845 | D:3      | Reached skill level 2 in Axes
  3031 | D:3      | Noticed Pargi
  3070 | D:3      | Killed Pargi
  3071 | D:3      | Reached XP level 6. HP: 47/47 MP: 6/6
  3355 | D:4      | Noticed Grinder
  3837 | D:4      | Paralysed by Grinder for 5 turns
  3853 | D:4      | Killed Grinder
  3854 | D:4      | Reached skill level 3 in Axes
  3854 | D:4      | Reached XP level 7. HP: 38/52 MP: 7/7
  4366 | D:5      | Entered Level 5 of the Dungeon
  4389 | D:4      | Reached skill level 4 in Axes
  4403 | D:5      | Reached skill level 1 in Stealth
  4477 | D:5      | Found Epyunweo's Distillery.
  4600 | D:5      | Reached skill level 5 in Axes
  4633 | D:5      | Gained mutation: You are completely covered in molten
                  | scales. (AC +4, rF+) [demonic ancestry]
  4633 | D:5      | Reached XP level 8. HP: 60/60 MP: 8/8
  4682 | D:5      | You fall into a shaft and drop 1 floor!
  4683 | D:6      | Noticed a purple ugly thing
  4698 | D:6      | Killed a purple ugly thing
  4699 | D:6      | Reached skill level 6 in Axes
  4769 | D:6      | Reached skill level 5 in Fighting
  4769 | D:6      | Reached skill level 7 in Axes
  4779 | D:6      | Reached skill level 5 in Dodging
  4933 | D:6      | Found a sand-covered staircase.
  4942 | Ossuary  | Entered an ossuary
  4965 | Ossuary  | Gained mutation: You have a pair of small antennae on your
                  | head. [demonic ancestry]
  4965 | Ossuary  | Reached XP level 9. HP: 68/68 MP: 9/9
  5818 | D:7      | Reached skill level 8 in Axes
  5952 | D:7      | Found a burning altar of Makhleb.
  6083 | D:7      | Found Xotuw's Distillery.
  6279 | D:7      | Found a broken altar of Ashenzari.
  6560 | D:7      | Found a snail-covered altar of Cheibriados.
  6883 | D:8      | Reached skill level 9 in Axes
  6923 | D:8      | Gained mutation: Spells you cast may paralyse nearby
                  | enemies. [demonic ancestry]
  6923 | D:8      | Reached XP level 10. HP: 71/77 MP: 10/10
  7477 | D:8      | Got the Catalogue of Unstable Fire
  8530 | D:9      | Found Nulitry's Distillery.
  8613 | D:9      | Identified the +0 ring mail "Baokhluqo" {Rampage rPois
                  | Int+3 Dex-3}
  8631 | D:9      | Found an ornate altar of the Wu Jian Council.
  8786 | D:9      | Noticed Erolcha
  9066 | D:9      | Noticed Maggie
  9418 | D:9      | Killed Maggie
  9472 | D:9      | Reached skill level 10 in Axes
  9895 | D:9      | Noticed Grum
  9921 | D:9      | Reached skill level 5 in Armour
  9953 | D:9      | Reached skill level 1 in Evocations
  9955 | D:9      | Killed Grum
 10163 | D:10     | Entered Level 10 of the Dungeon
 10189 | D:10     | Noticed Sonja
 10788 | D:10     | Noticed Harold
 10807 | D:10     | Paralysed by Harold for 2 turns
 10844 | D:10     | Slain by Sonja

Illustrated notes

Levels and vault maps discovered:
D:1:      dpeg_arrival_rhombi, layout_basic
D:2:      layout_loops_ring, hangedman_decor_push
D:3:      layout_basic, amcnicky_altar_gilded, uniq_ijyb, uniq_pargi,
          uniq_robin, uniq_jessica
D:4:      layout_basic, uniq_grinder
D:5:      layout_basic, elyvilon_altar_3, minmay_temple_entry_statues_pillars,
          serial_shops, shop
D:6:      layout_loops_ring, enter_ossuary_1
D:7:      layout_cave_pools, mainiacjoe_overflow_alcove_4,
          mainiacjoe_overflow_24_doors, mainiacjoe_overflow_chevrons,
          serial_shops, nicolae_shop_competitors_out_of_business,
          minmay_checkerbox
D:8:      kb_forest_paths, layout_rooms, minmay_curled_crystal
D:9:      layout_basic, nzn_wu_jian_contemplation, serial_shops,
          nicolae_shop_hallway_stairs, uniq_grum, uniq_maggie, uniq_erolcha
D:10:     layout_roguey, uniq_harold, uniq_sonja

Skill      XL: |  1  2  3  4  5  6  7  8  9 10 |
---------------+-------------------------------+-----
Polearms       | 3 |  3.8
Dodging        | 3 5 6 7 |  7.1
Armour         | 1 2 3 4 5 |  5.1
Axes           | 1 2 3 5 7 9 10 | 10.4
Fighting       | 3 4 5 6 7 |  7.8
Stealth        | 1 2 |  2.2
Evocations     | 1 |  1.1
Throwing       | |  1.9

Action                   |  1- 3 |  4- 6 |  7- 9 | 10-12 || total
-------------------------+-------+-------+-------+-------++-------
Melee: Trident           |    52 |       |       |       ||    52
       Hand axe          |    71 |   162 |   508 |   448 ||  1189
       Spear             |       |    30 |       |       ||    30
       Punch             |       |     1 |    10 |     7 ||    18
       Broad axe         |       |       |       |    42 ||    42
Evoke: Wand              |       |       |       |    18 ||    18
  Use: Potion            |       |     4 |     5 |     4 ||    13
       Scroll            |       |       |     9 |     6 ||    15
 Stab: Sleeping          |     2 |     1 |       |       ||     3
Armor: Leather armour    |    25 |       |       |       ||    25
       Scale mail        |    11 |    90 |       |       ||   101
       Troll leather arm |       |    18 |   202 |   145 ||   365
       Skin              |       |       |       |     7 ||     7
Dodge: Dodged            |    63 |   101 |   353 |   389 ||   906
